 Dungeon Crawl Stone Soup version 0.31.0-11-ge490571c62 (webtiles) character file.

Game seed: 3376466389056891619

5089169 Flugkiller the Warrior (level 20, 271/271 HPs)
             Began as a Troll Fighter on Jan 30, 2024.
             Was a Priest of Okawaru.
             Escaped with the Orb
             ... and 3 runes
             ... and 5 gems (4 intact)!
             The game lasted 03:39:54 (14063 turns).

Flugkiller the Warrior (Troll Fighter)             Turns: 14063, Time: 03:39:54

Health: 271/271    AC: 33    Str: 32    XL:     20   Next: 44%
Magic:  26/27      EV:  7    Int:  5    God:    Okawaru [***...]
Gold:   54         SH: 26    Dex: 16    Spells: 19/19 levels left

rFire   + +          .
                       - Unarmed
rCold   + . .        j - +6 tower shield of Spring {rPois rF+ Stlth+}
rNeg    . . .        N - +10 gold dragon scales
rPois   +            (helmet restricted)
rElec   .            L - +2 cloak of Truth {Dex+3}
rCorr   .            (gloves unavailable)
SInv    +            (boots unavailable)
Will    ++...        T - amulet of regeneration Stlth
                     B - ring of willpower
HPRegen 2.25/turn    i - ring of see invisible
MPRegen 0.20/turn

%: no passive effects
@: heroic
A: large, unfitting armour, claws 3, regeneration 1, shaggy fur 1, tough skin 1,
agile 1, robust 2
0: Orb of Zot
}: 3/15 runes: barnacled, abyssal, gossamer
a: Renounce Religion, Heroism


You escaped.
You worshipped Okawaru.
Okawaru was most pleased with you.
You visited 7 branches of the dungeon, and saw 39 of its levels.
You visited the Abyss 2 times.
You also visited: Gauntlet and Volcano.

You collected 504 gold pieces.
You spent 450 gold pieces at shops.

Inventory:

Hand Weapons
 k - a +8 club of flaming
   (You took it off a Killer Klown on level 5 of the Realm of Zot)
 n - a +2 scythe of venom
   (You took it off a reaper on level 1 of the Dungeon)
 H - the +6 demon trident of Friendship {elec, rElec Int+6}
   (Okawaru gifted it to you on level 5 of the Lair of Beasts)

   Int+6:     It affects your intelligence (+6).
   rElec:     It insulates you from electricity.
 P - the +10 demon trident "Dragon's Nightmare" {vamp, Fly Will- SInv}
   (You found it in a Gauntlet)

   Will-:     It decreases your willpower.
   SInv:      It lets you see invisible.
   Fly:       It grants you flight.
Missiles
 a - a dart of dispersal
 p - 2 curare-tipped darts
 v - 6 silver javelins
 S - 13 large rocks (quivered)
 W - 8 boomerangs
 Z - a throwing net
Armour
 f - +4 storm dragon scales
   (You found it on level 3 of the Depths)
 j - the +6 tower shield of Spring (worn) {rPois rF+ Stlth+}
   (Okawaru gifted it to you on level 5 of the Lair of Beasts)

   rF+:       It protects you from fire.
   rPois:     It protects you from poison Stlth+: It makes you more stealthy.
 s - a +3 troll leather armour {Snorg}
   (You found it on level 11 of the Dungeon)
 u - a scarf of invisibility
   (You found it on level 11 of the Dungeon)
 z - +0 fire dragon scales
   (You found it on level 3 of the Depths)
 A - a +2 robe of fire resistance
   (You took it off a merfolk on level 4 of the Shoals)
 L - the +2 cloak of Truth (worn) {Dex+3}
   (You found it in a Gauntlet)

   Dex+3:     It affects your dexterity (+3).
 N - +10 gold dragon scales (worn)
   (You took it off Parghit on level 1 of the Realm of Zot)
 O - a +0 tower shield of protection
   (You acquired it on level 8 of the Dungeon)
Magical Staves
 c - a staff of cold
   (You found it on level 4 of the Shoals)
Jewellery
 e - a +6 ring of intelligence
   (You found it on level 2 of the Dungeon)
 i - a ring of see invisible (right claw)
   (You found it in a Gauntlet)
 m - a ring of willpower
   (You found it on level 8 of the Dungeon)
 o - a ring of poison resistance
   (You found it on level 4 of the Lair of Beasts)
 B - a ring of willpower (left claw)
   (You took it off a minotaur in a Gauntlet)
 I - a ring of fire
   (You found it on level 5 of the Lair of Beasts)
 K - the ring "Damaonwe" {rC+ rN+ MP+9 Dex-5 SInv}
   (You found it in a Gauntlet)

   [ring of positive energy]

   Dex-5:     It affects your dexterity (-5).
   rC+:       It protects you from cold.
   rN+:       It protects you from negative energy.
   MP+9:      It affects your magic capacity (+9).
   SInv:      It lets you see invisible.
 M - an amulet of the acrobat
   (You found it in a Gauntlet)
 R - a ring of positive energy
   (You found it on level 8 of the Dungeon)
 T - an amulet of regeneration (around neck)
   (You bought it in a shop on level 2 of the Orcish Mines)
 U - a +6 ring of dexterity
   (You took it off a meliai on level 2 of the Lair of Beasts)
Wands
 g - a wand of quicksilver (28)
   (You found it on level 4 of the Dungeon)
 l - a wand of iceblast (13)
   (You found it on level 9 of the Dungeon)
 y - a wand of mindburst (11)
   (You found it on level 3 of the Shoals)
 Q - a wand of digging (5)
   (You found it on level 1 of the Depths)
Scrolls
 r - a scroll of identify
 t - 7 scrolls of teleportation
 E - a scroll of immolation
 Y - 3 scrolls of vulnerability
Potions
 b - a potion of invisibility
 d - 5 potions of might
 h - a potion of haste
 q - 3 potions of curing
 w - 3 potions of heal wounds
 x - 3 potions of mutation
 D - a potion of lignification
 G - a potion of attraction
Miscellaneous
 C - a lightning rod (4/4)
   (You found it on level 4 of the Shoals)
 X - a phial of floods
   (You found it on level 1 of the Spider Nest)


   Skills:
 + Level 19.4(24.4) Fighting
 - Level 18.0(23.0) Throwing
 - Level 6.0(11.0) Armour
 - Level 5.0(10.0) Dodging
 - Level 12.0(17.0) Shields
 - Level 15.0(20.0) Unarmed Combat
 - Level 11.0 Invocations


You had 19 spell levels left.
You didn't know any spells.
Your spell library was empty.

Dungeon Overview and Level Annotations

Branches:
Dungeon (15/15)              Lair (5/5) D:9          Shoals (4/4) Lair:2
 Spider (4/4) Lair:2        Slime (0/5) Lair:4          Orc (2/2) D:12
    Elf (0/3) Orc:2        Depths (4/4) D:15            Zot (5/5) Depths:4
Volcano (visited)         Gauntlet (visited)
 Temple: D:4-7       Vaults: D:13-14

Altars:
Cheibriados
Elyvilon
Fedhas
Gozag
Okawaru
Ru
Sif Muna
Trog
Yredelemnul
The Shining One

Shops:
D:6 ?   D:10 ((   D:15 (   Orc:2 (=(*   Shoals:2 :

Portals:
Hell: Depths:3
Abyss: Depths:1 Depths:3
Ziggurat: Depths:1
Trove: D:14 (give 18 potions of curing)

Annotations:
D:7 Pikel
Lair:2 shoals, spider
Shoals:1 Kirke
Shoals:2 exclusion: 2 upstairs
Spider:4 exclusion: upstairs
Depths:2 exclusion: upstairs
Zot:5 exclusion: upstairs


Innate Abilities, Weirdness & Mutations

You are too large for most types of armour.
You have claws for hands.
Your natural rate of healing is unusually fast.
You are covered in fur. (AC +1)
You have tough skin. (AC +1)
You are agile. (Dex +4, Str/Int -1)
You are very robust. (+20% HP)


Message History

There is a stone staircase leading up here.
You climb upwards.
There is a stone staircase leading down here.
Unknown command.
Unknown command.
Unknown command.
You scratch the endoplasm.
The endoplasm is almost dead.
You eviscerate the endoplasm!!!
You kill the endoplasm!
There is a stone staircase leading up here.
You climb upwards.
There is a stone staircase leading down here.
Aiming: Dig
Press: ? - help, Shift-Dir - straight line, f - you Please select a direction to dig.
This square is covered in magical glow.
The rock shatters into small pieces.
Unknown command.
A sixfirhy comes into view.
There is a stone staircase leading up here.
You climb upwards.
There is a stone staircase leading down here.
Aiming: Dig
Press: ? - help, Shift-Dir - straight line, f - you Please select a direction to dig.
This square is covered in magical glow.
The rock shatters into small pieces.
Unknown command.
Found a stone staircase leading down.
A reaper comes into view. It is wielding a +2 scythe of venom.
Unknown command.
You can now deal lightning-fast blows.
You can no longer speed up your combat.
You gain the combat prowess of a mighty hero.
Unknown command.
Unknown command.
Throw: 13 large rocks
Press: ? - help, Q - select action, (/) - cycle Shift-Dir - straight line, f - reaper
Aim: a reaper, wielding a +2 scythe of venom (76% to hit)
You throw a large rock.
The large rock hits the reaper but does no damage.
Throw: 12 large rocks
Press: ? - help, Q - select action, (/) - cycle Shift-Dir - straight line, f/p - reaper
Aim: a reaper, wielding a +2 scythe of venom (76% to hit)
You throw a large rock.
The large rock hits the reaper but does no damage.
You block the reaper's attack.
Throw: 11 large rocks
Press: ? - help, Q - select action, (/) - cycle Shift-Dir - straight line, f/p - reaper
Aim: a reaper, wielding a +2 scythe of venom (76% to hit)
You throw a large rock. The large rock hits the reaper.
The reaper is lightly wounded.
Throw: 10 large rocks
Press: ? - help, Q - select action, (/) - cycle Shift-Dir - straight line, f/p - reaper
Aim: a reaper, wielding a +2 scythe of venom (lightly wounded, 76% to hit)
You throw a large rock. The large rock hits the reaper!!!
The reaper is severely wounded.
You block the reaper's attack.
Throw: 9 large rocks
Press: ? - help, Q - select action, (/) - cycle Shift-Dir - straight line, f/p - reaper
Aim: a reaper, wielding a +2 scythe of venom (severely wounded, 76% to hit)
You throw a large rock. The large rock hits the reaper!
The reaper is almost dead.
Throw: 8 large rocks
Press: ? - help, Q - select action, (/) - cycle Shift-Dir - straight line, f/p - reaper
Aim: a reaper, wielding a +2 scythe of venom (almost dead, 76% to hit)
You throw a large rock.
The large rock closely misses the reaper.
You block the reaper's attack.
Throw: 7 large rocks
Press: ? - help, Q - select action, (/) - cycle Shift-Dir - straight line, f/p - reaper
Aim: a reaper, wielding a +2 scythe of venom (almost dead, 76% to hit)
You throw a large rock. The large rock hits the reaper!!!
You kill the reaper!
Okawaru accepts your kill.
Unknown command.
S - 13 large rocks (gained 7)
You see here a +2 scythe of venom.
n - a +2 scythe of venom A ball python comes into view.
The ball python hisses angrily.
The ball python bites you but does no damage.
The ball python attacks as it pursues you!
You block the ball python's attack.
The ball python attacks as it pursues you!
You block the ball python's attack. The ball python barely misses you.
The ball python bites you but does no damage.
Your claws slow down.
The ball python attacks as it pursues you!
You block the ball python's attack. You block the ball python's attack.
There is a staircase leading out of the dungeon here.
Enter note: gg You are a level 20 Troll Fighter.
You are 44% of the way to level 21.
Play time: 03:38:58 (14062 turns).
You are forever immune to Zot's power.
Unknown command.
Unknown command.
You block the ball python's attack.
You have escaped!

##..##............
##)....##..#######.
##...#..[##.#
#...###...#.# #...#
#...#.#
##..#####..###
#...........#
#......S....#
#.⌠...@...⌠.#
#...........#
#...........#
####..#..####
##...## .....
###...# ..#


You could see a ball python.

Vanquished Creatures
  2 dread liches (Zot:5)
  2 orbs of fire
  4 ancient liches (Zot:5)
  Parghit (Zot:1)
  3 Killer Klowns (Zot:5)
  A curse toe (Zot:5)
  Nikola (Shoals:4)
  5 golden dragons
  The ghost of Flugkiller the Slayer, an adept MiFi of Cheibriados (Zot:1)
  Arachne (Spider:2)
  An electric golem (Zot:5)
  2 pandemonium lords (D:7)
  3 tentacled monstrosities
  A Brimstone Fiend (Zot:5)
  4 liches
  22 Orb Guardians
  2 tentacled starspawn
  3 quicksilver dragons
  2 Executioners
  2 death cobs
  Frances (Shoals:1)
  A kraken (Shoals:4)
  Polyphemus (Shoals:4)
  2 tengu reavers
  A shadow dragon (Zot:4)
  6 storm dragons
  The ghost of Lyniq the Transmogrifier, a journeyman DrSh of Wu Jian (D:15)
  2 draconian knights
  2 fire giants (Depths:3)
  4 draconian monks
  Donald (Shoals:1)
  A demonspawn warmonger (Depths:3)
  3 frost giants
  A balrug (D:4)
  5 protean progenitors
  2 narguns (Zot:5)
  3 draconian shifters
  A draconian scorcher (Zot:1)
  3 emperor scorpions
  3 ghost moths (Spider:4)
  A draconian stormcaller (Depths:4)
  4 spectral caustic shrikes (Depths:3)
  A broodmother (Spider:4)
  A cacodemon (Zot:5)
  3 draconian annihilators
  A reaper (D:1)
  5 stone giants
  2 very ugly things (Depths:1)
  A vampire knight (Depths:2)
  3 black draconians
  The ghost of dakkaduck the Warrior, a journeyman MiBe of Trog (Lair:2)
  A lorocyproca (D:4)
  4 white draconians
  2 green draconians
  A purple draconian (Zot:5)
  4 spark wasps (Spider:4)
  A war gargoyle (Abyss:4)
  A dire elephant (D:15)
  Azrael (D:14)
  A minotaur (Gauntlet)
  4 yellow draconians
  Snorg (D:11)
  A starcursed mass (Abyss:4)
  3 red draconians
  3 ettins
  A spectral golden dragon (D:15)
  2 blizzard demons
  5 merfolk impalers
  5 fire dragons
  4 merfolk javelineers (Shoals:4)
  3 entropy weavers
  A great orb of eyes (D:15)
  4 ice dragons
  7 rakshasas
  A spectral shadow dragon (D:15)
  5 merfolk avatars (Shoals:4)
  2 alligators (Zot:1)
  3 radroaches
  5 spriggan air magi
  A sphinx zombie (D:15)
  6 merfolk aquamancers
  4 hydras
  3 satyrs
  An alligator snapping turtle (Shoals:2)
  3 ogre magi
  3 centaur warriors (D:15)
  2 tengu warriors (D:15)
  5 catoblepae
  2 dancing weapons
  12 death yaks
  14 two-headed ogres
  A spectral frost giant (D:15)
  6 deep troll earth magi (Depths:3)
  2 deep troll shamans (Depths:3)
  2 demonic crawlers (Spider:4)
  7 boulder beetles
  4 hell hogs (Zot:5)
  2 spriggan berserkers (Depths:4)
  2 occultists
  4 thrashing horrors (Abyss:4)
  A vampire mage (Depths:1)
  7 hell knights
  A salamander mystic (D:15)
  4 wretched stars
  A sixfirhy (Zot:5)
  3 pharaoh ants
  3 sun demons (D:4)
  An iron troll (Depths:3)
  3 skysharks
  A spatial maelstrom (Abyss:4)
  A fire crab (Shoals:4)
  A golden dragon zombie (D:15)
  A spark wasp zombie (D:15)
  2 glowing orange brains
  3 orb spiders
  5 sea snakes
  5 deep trolls
  2 flayed ghosts
  A lindwurm (Lair:5)
  A steelbarb worm (Spider:1)
  2 phantasmal warriors (Depths:2)
  5 harpies (Shoals:4)
  A frost giant zombie (D:15)
  13 wolf spiders
  A harpy (shapeshifter) (D:14)
  9 ugly things
  5 manticores
  2 orc sorcerers (Orc:2)
  3 large abominations (Abyss:4)
  A necromancer (Depths:2)
  A faun (Shoals:1)
  4 cyclopes
  2 worldbinders
  11 moths of wrath
  An apocalypse crab (Abyss:4)
  5 meliai
  3 merfolk sirens
  9 elephants
  A toenail golem (Volcano)
  3 torpor snails
  A rust devil (D:7)
  A smoke demon (Abyss:4)
  5 black mambas
  A gargoyle (D:11)
  5 water nymphs
  5 cane toads
  A freezing wraith (D:14)
  A rime drake (Lair:5)
  2 unseen horrors
  2 orange demons (Zot:5)
  2 catoblepas skeletons (Abyss:4)
  A spark wasp simulacrum (D:15)
  5 ancient zymes
  7 komodo dragons
  An ice devil (Gauntlet)
  3 tengu conjurers
  16 merfolk
  A queen bee (Lair:2)
  11 trolls
  2 hornets (Lair:2)
  3 raiju (Abyss:1)
  A blink frog (Lair:5)
  3 wind drakes
  2 polar bears (Lair:4)
  2 glass eyes (Depths:3)
  2 hellwings (Depths:3)
  2 dream sheep (Lair:5)
  12 tarantellas
  A frost giant simulacrum (D:15)
  6 snapping turtles
  16 culicivoras
  9 slime creatures
  10 water elementals
  15 jumping spiders
  4 shadows (Gauntlet)
  3 wraiths
  A fire bat (Shoals:4)
  2 ynoxinuls (Abyss:4)
  9 basilisks
  29 yaks
  A warg (Orc:2)
  2 wyverns
  2 fire elementals (D:14)
  A chaos spawn (Abyss:4)
  2 neqoxecs (Abyss:4)
  A steam dragon (Lair:3)
  23 redbacks
  11 vampire mosquitoes
  4 hell hounds (D:14)
  11 water moccasins
  A black bear (D:8)
  9 orc warriors
  An ice beast (D:8)
  6 small abominations
  22 ogres
  20 wolves
  4 centaurs
  A kobold brigand (D:9)
  9 bullfrogs
  5 earth elementals (Abyss:4)
  9 wights
  12 killer bees
  4 howler monkeys (D:8)
  2 electric eels (Lair:2)
  2 bombardier beetles
  3 hounds
  A jelly (D:8)
  7 orc priests
  2 iguanas (D:4)
  Jessica (D:2)
  5 orc wizards
  5 adders
  A white imp (D:4)
  4 ufetubi
  37 orcs
  2 endoplasms
  2 giant cockroaches
  3 goblins
  5 hobgoblins
  3 jackals (D:5)
  5 kobolds
  4 quokkas
  5 ball pythons
  3 frilled lizards
  4 rats
  A tentacle (Shoals:4)
894 creatures vanquished.

Vanquished Creatures (others)
  A merfolk (Shoals:4)
  A slime creature (Zot:1)
  A killer bee (D:7)
  4 starspawn tentacles
  6 tentacles (Shoals:4)
13 creatures vanquished.

Grand Total: 907 creatures vanquished

Notes
Turn   | Place    | Note
-------+----------+-------------------------------------------
     0 | D:1      | Flugkiller the Troll Fighter began the quest for the Orb.
     0 | D:1      | Reached XP level 1. HP: 22/22 MP: 0/0
    74 | D:1      | Reached XP level 2. HP: 28/29 MP: 1/1
   151 | D:2      | Noticed Jessica
   160 | D:2      | Killed Jessica
   161 | D:2      | Reached XP level 3. HP: 24/36 MP: 2/2
   164 | D:2      | Noticed a glass eye
   165 | D:2      | Found a faded altar of an unknown god.
   168 | D:2      | Noticed a glass eye
   168 | D:2      | Noticed an eye of devastation
   168 | D:2      | Noticed a golden eye
   238 | D:2      | Reached XP level 4. HP: 43/44 MP: 3/3
   249 | D:3      | Found a glowing golden altar of the Shining One.
   323 | D:4      | Noticed an ogre
   327 | D:4      | Killed an ogre
   328 | D:4      | Reached skill level 5 in Unarmed Combat
   328 | D:4      | Reached XP level 5. HP: 50/50 MP: 4/4
   348 | D:5      | Entered Level 5 of the Dungeon
   386 | D:5      | Found an opulent altar of Gozag.
   416 | D:5      | Noticed a centaur
   439 | D:5      | Reached XP level 6. HP: 59/59 MP: 5/5
   445 | D:5      | Found a blossoming altar of Fedhas.
   544 | D:4      | Found an iron altar of Okawaru.
   559 | D:4      | Became a worshipper of Warmaster Okawaru
   658 | D:6      | Reached skill level 1 in Invocations
   666 | D:6      | Noticed a water moccasin
   691 | D:6      | Killed a water moccasin
   691 | D:6      | Reached * piety under Okawaru
   692 | D:6      | Reached XP level 7. HP: 13/66 MP: 7/7
   720 | D:6      | Found a bloodstained altar of Trog.
   839 | D:6      | Noticed a two-headed ogre
   845 | D:6      | Killed a two-headed ogre
   846 | D:6      | Reached XP level 8. HP: 33/74 MP: 5/9
   885 | D:6      | Found The Oracle's Delphic Readings.
   991 | D:6      | Reached ** piety under Okawaru
   992 | D:6      | Reached skill level 10 in Unarmed Combat
   996 | D:6      | Reached skill level 5 in Invocations
  1067 | D:7      | Reached XP level 9. HP: 58/80 MP: 3/11
  1113 | D:8      | Found a sacrificial altar of Ru.
  1177 | D:8      | Reached skill level 3 in Fighting
  1264 | D:8      | Reached *** piety under Okawaru
  1307 | D:7      | Noticed Pikel
  1391 | D:8      | Identified a scroll of acquirement
  1391 | D:8      | Acquired a +0 tower shield of protection
  1415 | D:8      | Found a basalt altar of Yredelemnul.
  1466 | D:9      | Reached skill level 5 in Shields
  1569 | D:9      | Found a staircase to the Lair.
  1578 | Lair:1   | Entered Level 1 of the Lair of Beasts
  1581 | Lair:1   | Noticed a komodo dragon
  1588 | Lair:1   | Killed a komodo dragon
  1589 | Lair:1   | Reached XP level 10. HP: 29/91 MP: 10/13
  1596 | Lair:1   | Noticed a cane toad
  1668 | D:9      | Reached **** piety under Okawaru
  1942 | D:10     | Entered Level 10 of the Dungeon
  1966 | D:10     | Found Loesist's Antique Weapon Shop.
  2001 | D:11     | Reached skill level 4 in Fighting
  2033 | D:11     | Noticed Snorg
  2039 | D:11     | Killed Snorg
  2101 | D:11     | Noticed a boulder beetle
  2116 | D:11     | Killed a boulder beetle
  2131 | D:11     | Reached ***** piety under Okawaru
  2152 | D:11     | Reached XP level 11. HP: 101/101 MP: 15/15
  2197 | D:10     | Found Millir's Weapon Shop.
  2341 | D:11     | Reached skill level 5 in Fighting
  2525 | Lair:2   | Received a gift from Okawaru
  2633 | Lair:3   | Noticed a four-headed hydra
  2670 | Lair:2   | Reached skill level 1 in Throwing
  2706 | Lair:2   | Noticed a death yak
  2706 | Lair:2   | Noticed a death yak
  2707 | Lair:2   | Noticed a death yak
  2707 | Lair:2   | Noticed a death yak
  2707 | Lair:2   | Noticed a death yak
  2730 | Lair:2   | Killed a death yak
  2741 | Lair:2   | Killed a death yak
  2746 | Lair:2   | Killed a death yak
  2758 | Lair:2   | Killed a death yak
  2765 | Lair:2   | Killed a death yak
  2921 | Lair:2   | Found a hole to the Spider Nest.
  2969 | Lair:2   | Received a gift from Okawaru
  2970 | Lair:2   | Reached skill level 6 in Fighting
  3048 | Lair:2   | Killed a four-headed hydra
  3083 | Lair:3   | Reached skill level 5 in Throwing
  3083 | Lair:3   | Reached XP level 12. HP: 31/114 MP: 11/17
  3086 | Lair:3   | Noticed a death yak
  3206 | Lair:2   | Noticed dakkaduck's ghost (journeyman MiBe)
  3216 | Lair:2   | Found a transporter.
  3216 | Lair:2   | Found a transporter.
  3219 | Lair:2   | Received a gift from Okawaru
  3230 | Lair:2   | Reached skill level 10 in Shields
  3270 | Lair:4   | Found a staircase to the Slime Pits.
  3554 | Lair:4   | Noticed a six-headed hydra
  3578 | Lair:4   | Noticed a seven-headed hydra
  3581 | Lair:4   | Killed a six-headed hydra
  3581 | Lair:4   | Received a gift from Okawaru
  3586 | Lair:4   | Killed a seven-headed hydra
  3623 | Lair:5   | Entered Level 5 of the Lair of Beasts
  3787 | Lair:5   | Found a gate leading to a gauntlet.
  3804 | Lair:5   | Reached ****** piety under Okawaru
  3805 | Lair:5   | Acquired the +6 tower shield of Spring {rPois rF+ Stlth+}
  3805 | Lair:5   | Received a gift from Okawaru
  3817 | Lair:5   | Acquired the +6 demon trident of Friendship {elec, rElec
                  | Int+6}
  3817 | Lair:5   | Received a gift from Okawaru
  3833 | Gauntlet | Entered a Gauntlet
  3833 | Gauntlet | Found a transporter.
  3833 | Gauntlet | Found a transporter.
  3835 | Gauntlet | Found a transporter.
  3835 | Gauntlet | Found a transporter.
  3851 | Gauntlet | Found a transporter.
  3860 | Gauntlet | Found a transporter.
  3863 | Gauntlet | Found a transporter.
  3870 | Gauntlet | Noticed an entropy weaver
  3874 | Gauntlet | Found a transporter.
  3886 | Gauntlet | Found a runed translucent door.
  3887 | Gauntlet | Found a transporter.
  3888 | Gauntlet | Found a runed translucent door.
  3889 | Gauntlet | Noticed a blizzard demon
  3901 | Gauntlet | Found a transporter.
  3905 | Gauntlet | Found a transporter.
  3913 | Gauntlet | Found a transporter.
  3952 | Gauntlet | Reached XP level 13. HP: 103/120 MP: 18/18
  3954 | Gauntlet | Received a gift from Okawaru
  3963 | Gauntlet | Identified the ring "Damaonwe" {rC+ rN+ MP+9 Dex-5 SInv}
  3981 | Gauntlet | Identified the +2 cloak of Truth {Dex+3}
  3987 | Gauntlet | Killed a blizzard demon
  3988 | Gauntlet | Reached skill level 10 in Throwing
  4011 | Gauntlet | Noticed a minotaur
  4021 | Gauntlet | Killed a minotaur
  4049 | Gauntlet | Identified the +10 demon trident "Dragon's Nightmare"
                  | {vamp, Fly Will- SInv}
  4262 | Lair:5   | Got an earthy gem with 2250 turns to spare
  4462 | D:10     | Found a snail-covered altar of Cheibriados.
  4515 | D:12     | Received a gift from Okawaru
  4660 | D:12     | Found a staircase to the Orcish Mines.
  4665 | Orc:1    | Entered Level 1 of the Orcish Mines
  4695 | Orc:2    | Entered Level 2 of the Orcish Mines
  4839 | Orc:2    | Found a staircase to the Elven Halls.
  4844 | Orc:2    | Found Mirorodgho's Jewellery Shop.
  4845 | Orc:2    | Found Pakheot's Weapon Shop.
  4870 | Orc:2    | Received a gift from Okawaru
  4904 | Orc:2    | Reached XP level 14. HP: 99/131 MP: 13/19
  4933 | Orc:2    | Reached skill level 7 in Fighting
  4960 | Orc:2    | Received a gift from Okawaru
  4991 | Orc:2    | Found Fintaf Tuik's Antique Weapon Emporium.
  5003 | Orc:2    | Found Suduschyd's Assorted Antiques.
  5063 | Orc:1    | Found a dark tunnel.
  5072 | Volcano  | Entered a volcano
  5241 | Orc:2    | Bought an amulet of regeneration for 450 gold pieces
  5493 | Lair:2   | Killed dakkaduck's ghost
  5595 | Spider:1 | Entered Level 1 of the Spider Nest
  5734 | Spider:2 | Received a gift from Okawaru
  5858 | Spider:2 | Noticed Arachne
  5880 | Spider:2 | Killed Arachne
  6047 | Spider:2 | Reached skill level 8 in Fighting
  6126 | Spider:4 | Entered Level 4 of the Spider Nest
  6126 | Spider:4 | Noticed an emperor scorpion
  6142 | Spider:4 | Killed an emperor scorpion
  6173 | Spider:3 | Noticed a ghost moth
  6262 | Spider:4 | Noticed a ghost moth
  6266 | Spider:4 | Killed a ghost moth
  6341 | Spider:4 | Noticed an emperor scorpion
  6351 | Spider:4 | Killed an emperor scorpion
  6352 | Spider:4 | Reached XP level 15. HP: 126/143 MP: 9/20
  6621 | Spider:4 | Received a gift from Okawaru
  6622 | Spider:4 | Reached skill level 5 in Dodging
  6697 | Spider:4 | Got a gossamer rune of Zot
  6706 | Spider:4 | Got a milky-white gem with 1438 turns to spare
  6934 | Lair:2   | Found a staircase to the Shoals.
  6957 | Shoals:1 | Entered Level 1 of the Shoals
  6957 | Shoals:1 | Noticed Frances
  6971 | Shoals:1 | Killed Frances
  6992 | Shoals:1 | Noticed Donald
  7011 | Shoals:1 | Killed Donald
  7099 | Shoals:2 | Reached skill level 15 in Unarmed Combat
  7210 | Shoals:1 | Noticed Kirke
  7225 | Shoals:2 | Reached skill level 10 in Invocations
  7310 | Shoals:4 | Entered Level 4 of the Shoals
  7320 | Shoals:4 | Noticed Nikola
  7342 | Shoals:4 | Killed Nikola
  7548 | Shoals:4 | Noticed a kraken
  7616 | Shoals:4 | Killed a kraken
  7617 | Shoals:4 | Reached XP level 16. HP: 130/152 MP: 23/23
  7836 | Shoals:4 | Noticed Polyphemus
  7843 | Shoals:4 | Reached skill level 15 in Throwing
  7844 | Shoals:4 | Killed Polyphemus
  7956 | Shoals:4 | Received a gift from Okawaru
  8083 | Shoals:4 | Got a barnacled rune of Zot
  8218 | Shoals:2 | Found Yqenepad's Book Boutique.
  8445 | D:13     | Found a frozen archway.
  8459 | D:14     | Noticed Azrael
  8478 | D:14     | Killed Azrael
  8525 | D:14     | Found a portal to a secret trove of treasure.
  8620 | D:15     | Entered Level 15 of the Dungeon
  8704 | D:15     | Found Iwaar's Weapon Shoppe.
  8725 | D:15     | Reached skill level 9 in Fighting
  9000 | D:15     | Reached skill level 10 in Fighting
  9230 | D:15     | Found a runed translucent gate.
  9231 | D:15     | Found a runed translucent gate.
  9231 | D:15     | Found a runed translucent gate.
  9235 | D:15     | Noticed Lyniq's ghost (journeyman DrSh)
  9261 | D:15     | Killed Lyniq's ghost
  9389 | D:15     | Found a staircase to the Depths.
  9404 | D:15     | Received a gift from Okawaru
  9431 | D:15     | Got a smoky gem with 5155 turns to spare
  9440 | Depths:1 | Entered Level 1 of the Depths
  9478 | Depths:1 | Found a one-way gateway to a ziggurat.
  9478 | Depths:1 | Noticed a lich
  9502 | Depths:1 | Identified the orb of Intuition {*channel, Tloc}
  9539 | Depths:1 | Reached skill level 11 in Fighting
  9617 | Depths:1 | Found a white marble altar of Elyvilon.
  9621 | Depths:1 | Found a one-way gate to the infinite horrors of the Abyss.
  9630 | Depths:1 | Voluntarily entered the Abyss.
  9630 | Abyss:1  | Found a corrupted altar of Lugonu.
  9652 | Abyss:1  | Reached XP level 17. HP: 170/170 MP: 24/24
  9723 | Abyss:3  | Found a corrupted altar of Lugonu.
  9730 | Abyss:3  | Found a corrupted altar of Lugonu.
  9730 | Abyss:3  | Found a corrupted altar of Lugonu.
  9795 | Abyss:3  | Noticed a bone dragon
  9857 | Abyss:3  | Found a corrupted altar of Lugonu.
  9875 | Abyss:4  | Found a corrupted altar of Lugonu.
  9980 | Arena    | Entered the Arena
 10001 | Abyss:4  | Found a corrupted altar of Lugonu.
 10004 | Abyss:4  | Found a corrupted altar of Lugonu.
 10011 | Depths:1 | Escaped the Abyss
 10013 | Depths:1 | Voluntarily entered the Abyss.
 10118 | Abyss:4  | Reached skill level 12 in Fighting
 10343 | Abyss:4  | Got an abyssal rune of Zot
 10389 | Abyss:4  | Found a corrupted altar of Lugonu.
 10475 | Depths:1 | Escaped the Abyss
 10576 | Depths:1 | Reached skill level 1 in Armour
 10884 | Depths:3 | Noticed a lich
 10891 | Depths:3 | Killed a lich
 11108 | Depths:3 | Found a gateway to Hell.
 11119 | Depths:3 | Noticed a lich
 11128 | Depths:3 | Killed a lich
 11172 | Depths:3 | Reached XP level 18. HP: 184/184 MP: 25/25
 11533 | Depths:4 | Entered Level 4 of the Depths
 11551 | Depths:4 | Reached skill level 13 in Fighting
 11593 | Depths:4 | Reached skill level 5 in Armour
 11629 | Depths:4 | Found a gate to the Realm of Zot.
 11634 | Depths:4 | Noticed a golden dragon
 11646 | Depths:4 | Killed a golden dragon
 11656 | Depths:4 | Got a midnight gem with 1707 turns to spare
 11769 | Zot:1    | Entered Level 1 of the Realm of Zot
 11929 | Zot:1    | Found a runed translucent door.
 11932 | Zot:1    | Noticed Flugkiller's ghost (adept MiFi)
 11959 | Zot:1    | Noticed Parghit
 11969 | Zot:1    | Killed Flugkiller's ghost
 11998 | Zot:1    | Killed Parghit
 11999 | Zot:1    | Reached skill level 14 in Fighting
 12242 | Zot:4    | Noticed a golden dragon
 12259 | Zot:4    | Killed a golden dragon
 12427 | Zot:4    | Noticed a tentacled monstrosity
 12433 | Zot:4    | Killed a tentacled monstrosity
 12465 | Zot:5    | Entered Level 5 of the Realm of Zot
 12466 | Zot:5    | Noticed a golden dragon
 12506 | Zot:5    | Noticed an Orb Guardian
 12506 | Zot:5    | Noticed an Orb Guardian
 12511 | Zot:5    | Reached skill level 15 in Fighting
 12511 | Zot:5    | Noticed an Orb Guardian
 12511 | Zot:5    | Noticed a tentacled monstrosity
 12514 | Zot:5    | Killed an Orb Guardian
 12517 | Zot:5    | Killed a tentacled monstrosity
 12520 | Zot:5    | Killed an Orb Guardian
 12522 | Zot:5    | Noticed an Orb Guardian
 12524 | Zot:5    | Killed an Orb Guardian
 12525 | Zot:5    | Reached XP level 19. HP: 201/201 MP: 26/26
 12545 | Zot:4    | Identified the +5 double sword of Miproid {elec, rF+}
 12545 | Zot:4    | Identified the +0 double sword of Circularity {holy,
                  | *Corrode rF+ Str+2 Int+4}
 12563 | Arena    | Entered the Arena
 12647 | Zot:5    | Got a prismatic gem with 269 turns to spare
 12687 | Zot:5    | Noticed a dread lich
 12688 | Zot:5    | Noticed an ancient lich
 12697 | Zot:5    | Killed a dread lich
 12706 | Zot:5    | Killed an ancient lich
 12707 | Zot:5    | Reached skill level 16 in Fighting
 12732 | Zot:5    | Received a gift from Okawaru
 12747 | Zot:5    | Noticed a curse toe
 12754 | Zot:5    | Killed a curse toe
 12768 | Zot:5    | Noticed an ancient lich
 12774 | Zot:5    | Noticed a Killer Klown
 12776 | Zot:5    | Noticed an orb of fire
 12778 | Arena    | Entered the Arena
 12785 | Arena    | Killed an orb of fire
 12811 | Zot:5    | Killed an ancient lich
 12826 | Zot:5    | Noticed an electric golem
 12832 | Zot:5    | Killed a Killer Klown
 12839 | Zot:5    | Noticed a dread lich
 12841 | Arena    | Entered the Arena
 12870 | Zot:5    | Killed a dread lich
 12871 | Zot:5    | Reached skill level 17 in Fighting
 12888 | Zot:5    | Killed an electric golem
 13019 | Arena    | Entered the Arena
 13083 | Zot:5    | Lost the prismatic gem through the power of Zot.
 13089 | Zot:5    | Noticed a Killer Klown
 13094 | Zot:5    | Killed a Killer Klown
 13097 | Zot:5    | Noticed a Killer Klown
 13102 | Zot:5    | Noticed an ancient lich
 13111 | Zot:5    | Killed an ancient lich
 13118 | Zot:5    | Noticed an ancient lich
 13127 | Zot:5    | Killed a Killer Klown
 13128 | Zot:5    | Reached skill level 18 in Fighting
 13131 | Zot:5    | Killed an ancient lich
 13149 | Zot:5    | Got the Orb of Zot
 13196 | Zot:5    | Reached XP level 20. HP: 186/222 MP: 19/27
 13249 | Zot:5    | Killed a golden dragon
 13258 | Zot:5    | Noticed a golden dragon
 13259 | Zot:5    | Noticed an orb of fire
 13265 | Zot:5    | Gained mutation: You occasionally lose the ability to drink
                  | potions when taking damage. [an orb of fire]
 13266 | Zot:5    | Gained mutation: Potions are less effective at restoring
                  | your health. [an orb of fire]
 13267 | Zot:5    | Killed an orb of fire
 13270 | Zot:5    | Killed a golden dragon
 13271 | Zot:5    | Noticed a golden dragon
 13286 | Zot:5    | Killed a golden dragon
 13290 | Zot:5    | Gained mutation: Armour fits poorly on your strangely
                  | shaped body. [a cacodemon]
 13295 | Zot:5    | Received a gift from Okawaru
 13361 | Zot:4    | Lost mutation: Potions are less effective at restoring your
                  | health. [potion of mutation]
 13361 | Zot:4    | Lost mutation: You occasionally lose the ability to drink
                  | potions when taking damage. [potion of mutation]
 13361 | Zot:4    | Gained mutation: You are agile. (Dex +4, Str/Int -1)
                  | [potion of mutation]
 13361 | Zot:4    | Gained mutation: You are robust. (+10% HP) [potion of
                  | mutation]
 13361 | Zot:4    | Gained mutation: You possess an exceptional clarity of
                  | mind. [potion of mutation]
 13362 | Zot:4    | Lost mutation: Armour fits poorly on your strangely shaped
                  | body. [potion of mutation]
 13362 | Zot:4    | Lost mutation: You are agile. (Dex +4, Str/Int -1) [potion
                  | of mutation]
 13362 | Zot:4    | Lost mutation: You possess an exceptional clarity of mind.
                  | [potion of mutation]
 13362 | Zot:4    | Gained mutation: You are very robust. (+20% HP) [potion of
                  | mutation]
 13362 | Zot:4    | Gained mutation: You are agile. (Dex +4, Str/Int -1)
                  | [potion of mutation]
 13487 | Depths:3 | Reached skill level 19 in Fighting
 13617 | D:14     | Found a shimmering blue altar of Sif Muna.
 13775 | D:7      | Noticed Muforier the pandemonium lord
 13789 | D:7      | Killed Muforier the pandemonium lord
 13803 | D:7      | Noticed Omumem the pandemonium lord
 13815 | D:7      | Killed Omumem the pandemonium lord
 14062 | D:1      | gg
 14063 | D:$      | Escaped with the Orb!

Illustrated notes

##..##............
##)....##..#######.
##...#..[##.#
#...###...#.# #...#
#...#.#
##..#####..###
#...........#
#......S....#
#.⌠...@...⌠.#
#...........#
#...........#
####..#..####
##...## .....
###...# ..#


Turn 14062 on D:1: gg

Levels and vault maps discovered:
D:1:      dpeg_arrival_arbitrary_c, layout_loops_ring
D:2:      layout_loops_cross, hellmonk_ecumenical_altar_watching_god,
          uniq_jessica
D:3:      kb_forest_paths, layout_basic, mainiacjoe_overflow_surrounded_room,
          minmay_lizard_king
D:4:      layout_basic, mainiacjoe_overflow_brackets, minmay_fountain_box
D:5:      layout_loops_cross, nicolae_overflow_hidden_temple,
          mainiacjoe_overflow_tiny_flanked, fedhas_bush_and_centaur_altar
D:6:      layout_loops_ring, mainiacjoe_overflow_alcove_2,
          lemuel_blue_sif_altar, minmay_temple_entry_proselytizer,
          nicolae_nh_oracle_at_delphi, uniq_duvessa
D:7:      layout_cave_pods, nicolae_wu_jian_immortal_techniques,
          mainiacjoe_overflow_cross_hatched, serial_shops, shop,
          kennysheep_potato, uniq_prince_ribbit1, uniq_pikel
D:8:      layout_cave_pods, nicolae_ru_great_annihilating_truth,
          mainiacjoe_overflow_chevrons
D:9:      layout_long_grid, lair_entry_dummy, hangedman_ranch
D:10:     layout_loops_ring, slow_altar_1, regret_index_temple_of_mockery,
          serial_shops, nicolae_shop_tiny_glass, shop, lightli_fourway_metalbox
D:11:     layout_loops_ring, serial_park_tiny_1, hangedman_fish_farm, uniq_snorg
D:12:     layout_cave_pools, hiddenorc1_lemuel, serial_column_ruins,
          column_ruins_columns_straight, column_ruins_columns_straight,
          column_ruins_corridor_dead_end, column_ruins_grid_4,
          column_ruins_grid_2, nicolae_uskayaw_murder_on_the_dancefloor
D:13:     layout_small_grid, david_vaults_2, portal_ice_cave_entry_pillars_2,
          ashenzari_altar_1
D:14:     layout_loops_corners, enter_trove_2, lemuel_crystal_altar, uniq_azrael
D:15:     hangedman_depths_entry_try_elsewhere_first, layout_loops_ring,
          gammafunk_ghost_necromancy, serial_co_window_serial,
          co_window_paths_a, co_window_corner_a, co_window_corner_a,
          co_window_paths_b, co_window_of_opportunity_a, co_window_broadway_c,
          co_window_cross_2, co_window_corner_b, co_window_sun,
          co_window_paths_d, glass_columns_b, serial_shops, shop
Lair:1:   layout_loops_ring
Lair:2:   layout_misc_corridors, minmay_shoals_entry_hut,
          hellmonk_spider_entry_life_and_decay, gammafunk_ghost_hive
Lair:3:   layout_layer_cave, nzn_ghost_randoct, grunt_megastairs_5,
          lemuel_fruit_tree
Lair:4:   layout_layer_cave, slime_entry_1, gammafunk_ghost_cemetery,
          beast_lair_carwin_9, grunt_megastairs_4
Lair:5:   hangedman_lair_in_review, layout_cave_shapes, gauntlet_entry_generic,
          uniq_sonja
Shoals:1: layout_shoals, nicolae_shoals_lost_giant_baths,
          nicolae_shoals_land_atoll, nicolae_island_escapes, uniq_kirke,
          uniq_frances, uniq_donald
Shoals:2: layout_shoals, serial_shops, nicolae_shop_waterfront
Shoals:3: layout_shoals
Shoals:4: shoals_end_hangedman, layout_shoals, hangedman_shoal_volcano,
          uniq_nikola, uniq_polyphemus
Spider:1: layout_chambers
Spider:2: layout_cave_pods, uniq_arachne
Spider:3: nicolae_spider_hilbert_zone_4 [nicolae_spider_hilbert_4_sides_2_open,
          nicolae_spider_hilbert_4_sides_1_open,
          nicolae_spider_hilbert_4_sides_1_open,
          nicolae_spider_hilbert_4_sides_1_open,
          nicolae_spider_hilbert_4_sides_1_open,
          nicolae_spider_hilbert_2_sides_1_open,
          nicolae_spider_hilbert_2_sides_1_open,
          nicolae_spider_hilbert_2_sides_1_open,
          nicolae_spider_hilbert_2_sides_1_open,
          nicolae_spider_hilbert_6_sides_1_open,
          nicolae_spider_hilbert_6_sides_1_open,
          nicolae_spider_hilbert_3_sides_1_open,
          nicolae_spider_hilbert_3_sides_1_open]
Spider:4: grunt_spider_rune_parallel
Orc:1:    layout_caves, nicolae_volcano_entry_lava_flow,
          nicolae_orc_found_a_spring, uniq_fannar
Orc:2:    st_orc_open, layout_caves, basic_altar
Depths:1: layout_gridville, enter_ziggurat_d, grunt_hell_entry_dis_grunt,
          abyss_entry, chequers_jeans, elyvilon_altar_5, uniq_sojobo
Depths:2: minmay_bubble_buster, layout_cave_pools, okawaru_ov_weapons_minmay,
          grunt_pan_entry_in_and_out, grunt_hell_horde, nicolae_shop_gadgets,
          uniq_asterion
Depths:3: minmay_haunted_quarter, layout_honeycomb, abyss_entry_crystal,
          pf_hell_entry_tar_river, minmay_staircase_windowed_small
Depths:4: grunt_zot_entry_funnels, layout_long_grid, moated_statue,
          nicolae_hell_entry_big_baal_hell, serial_bayou_shore_b
Zot:1:    layout_gridville, hellmonk_ghost_happy_afterlife,
          regret_index_zotdec_obsidian_hm, uniq_parghit
Zot:2:    hangedman_snap_crack_crunch, layout_onion, bh_zot_ikea_curve,
          regret_index_zot_stipple_split, hangedman_spider_trapstep
Zot:3:    layout_gridville, zot_minivault_4
Zot:4:    layout_gridlike, nicolae_rock_paper_scissors
Zot:5:    layout_basic, guppyfry_library_mini

Skill      XL: |  1  2  3  4  5  6  7  8  9 10 11 12 13 14 15 16 17 18 19 20 |
---------------+-------------------------------------------------------------+-----
Unarmed Combat | 4 5 6 7 9 10 11 12 13 14 15 | 15.0
Invocations    | 2 3 5 7 8 11 | 11.0
Shields        | 3 7 8 9 10 11 12 | 12.0
Fighting       | 3 4 6 8 11 12 15 18 19 | 19.4
Throwing       | 5 9 12 13 14 15 17 18 | 18.0
Dodging        | 4 5 |  5.0
Armour         | 4 6 |  6.0

Action                     |  1- 3 |  4- 6 |  7- 9 | 10-12 | 13-15 | 16-18 | 19-21 || total
---------------------------+-------+-------+-------+-------+-------+-------+-------++-------
  Melee: Unarmed           |    67 |    68 |   137 |   518 |   930 |   707 |    83 ||  2510
         Staff             |       |       |       |       |       |     1 |       ||     1
  Throw: Dart              |       |       |     1 |    15 |    74 |     4 |       ||    94
         Boomerang         |       |       |       |    42 |   180 |   173 |    49 ||   444
         Javelin           |       |       |       |     2 |    44 |    56 |    26 ||   128
         Large rock        |       |       |       |       |     8 |   318 |   227 ||   553
         Throwing net      |       |       |       |       |       |       |     8 ||     8
 Invoke: Heroism           |       |       |     4 |     9 |    26 |    38 |    12 ||    89
         Finesse           |       |       |       |     2 |    13 |    15 |    12 ||    42
         Receive Weapon    |       |       |       |     1 |       |       |       ||     1
         Receive Armour    |       |       |       |     1 |       |       |       ||     1
         Duel              |       |       |       |       |       |     1 |     4 ||     5
  Evoke: Wand              |       |     4 |       |     4 |     7 |     2 |     9 ||    26
    Use: Scroll            |       |     4 |     4 |     2 |     9 |    21 |     2 ||    42
         Potion            |       |     3 |       |       |     4 |     5 |    19 ||    31
   Stab: Paralysed         |       |       |     1 |       |       |       |       ||     1
         Petrified         |       |       |       |       |     4 |       |       ||     4
         Sleeping          |       |       |       |       |     2 |       |       ||     2
         Distracted        |       |       |       |       |     1 |     1 |       ||     2
         Invisible         |       |       |       |       |     1 |     7 |       ||     8
 Armour: Robe              |    49 |    51 |    64 |    62 |       |       |       ||   226
         Troll leather arm |       |       |       |   262 |   374 |   251 |       ||   887
         Storm dragon scal |       |       |       |       |       |   117 |       ||   117
         Gold dragon scale |       |       |       |       |       |    38 |   267 ||   305
  Dodge: Dodged            |    26 |    36 |    37 |   123 |   139 |   161 |    43 ||   565
  Block: Kite shield       |    21 |    32 |    30 |       |       |       |       ||    83
         Tower shield      |       |       |     9 |   465 |  1029 |   868 |   451 ||  2822
